 Dungeon Crawl Stone Soup version 0.31-a0-965-g8a8ce12e04 (webtiles) character file.

Game seed: 7159013881825715765

108 mattiecakes the Trooper (level 4, -2/40 (43) HPs)
             Began as an Armataur Berserker on Oct 27, 2023.
             Was a Believer of Trog.
             Slain by a hell rat (7 damage)
             ... in a sewer.
             The game lasted 00:06:38 (1763 turns).

mattiecakes the Trooper (Armataur Berserker)        Turns: 1763, Time: 00:06:38

HP:   -2/40 (43)    AC:  7    Str: 25    XL:     4   Next: 58%
MP:   4/4           EV:  6    Int:  7    God:    Trog [**....]
Gold: 65            SH:  0    Dex:  9    Spells: 3/3 levels left

rFire   . . .        a - +0 hand axe
rCold   . . .        (no shield)
rNeg    . . .        k - +0 chain mail
rPois   .            (no helmet)
rElec   .            (no cloak)
rCorr   .            (no gloves)
SInv    .            (no barding)
Will    .....        (no amulet) Stlth
                     (no ring)
HPRegen 0.26/turn    (no ring)
MPRegen 0.09/turn

%: roll
@: drained
A: large, rugged brown scales 3, deformed body, armoured tail, roll, long
tongue, awkward tongue
a: Renounce Religion, Berserk, Trog's Hand


You were in a sewer.
You worshipped Trog.
Trog was pleased with you.
You visited 1 branch of the dungeon, and saw 4 of its levels.
You also visited: Sewer.

You collected 95 gold pieces.
You spent 30 gold pieces at shops.

Inventory:

Hand Weapons
 a - a +0 hand axe (weapon)
Armour
 b - a +0 animal skin
 k - a +0 chain mail (worn)
Jewellery
 e - a +4 ring of protection
Scrolls
 f - a scroll of fog
 h - a scroll of identify {unknown}
 i - a scroll of silence {unknown}
 j - a scroll of immolation {unknown}
 l - a scroll of teleportation
Potions
 c - a potion of might {unknown}
 d - a potion of haste {unknown}
 g - a potion of mutation {unknown}


   Skills:
 + Level 4.9 Fighting
 - Level 2.4 Axes
 - Level 2.4 Armour
 - Level 1.3 Dodging


You had 3 spell levels left.
You didn't know any spells.
Your spell library was empty.

Dungeon Overview and Level Annotations

Branches:
Dungeon (4/15)              Sewer (1/1)
 Temple: D:4-7

Altars:

Shops:
D:3 ?


Innate Abilities, Weirdness & Mutations

You are completely covered in rugged brown scales. (AC +3, +7% HP)
Armour fits poorly on your strangely shaped body.
You have a long armoured tail.
You roll when moving toward enemies. (Rampage)
Your long tongue fully drains potion bottles. (2x potion effects)
Your tongue gives you trouble enunciating. (1.5x scroll delay)


Message History

A hell rat is nearby!
A hell rat is nearby!
A hell rat is nearby!
You roll towards the hell rat!
You enter the shallow water.
You closely miss the hell rat. The hell rat barely misses you.
The hell rat bites you!
You hit the hell rat but do no damage.
The hell rat bites you but does no damage.
You barely miss the hell rat. You tail-slap the hell rat!
The hell rat is moderately wounded.
The hell rat bites you!
You feel drained. The hell rat bites you.
You feel drained.
You are too injured to fight recklessly!
You are too injured to fight recklessly!
You aren't carrying any items that you can evoke.
You aren't carrying any items that you can evoke.
There is an open door here.
You are too injured to fight recklessly!
You hit the hell rat but do no damage.
The hell rat is moderately wounded.
The hell rat splashes around in the water.
You hit the hell rat but do no damage.
The hell rat is moderately wounded.
The hell rat splashes around in the water.
You hit the hell rat but do no damage.
The hell rat is moderately wounded.
The hell rat splashes around in the water.
You hit the hell rat.
The hell rat is severely wounded.
The hell rat bites you.
You feel drained.
The hell rat splashes around in the water.
You barely miss the hell rat.
The hell rat is severely wounded.
The hell rat splashes around in the water.
You closely miss the hell rat.
The hell rat is severely wounded.
The hell rat bites you!
* * * LOW HITPOINT WARNING * * *
The hell rat bites you!
You die...

###~.~###
#~~~.~..#
##..~..~.##
#~..###~..#
##.~##~##††##
#~~~#..~#~~~#
#~.##!.~##.~#
#..#?!~~~#~~#
#∩∩#∩?~~r@.~#
#~~#!?~~.#~.#
#~.##!~~##.~#
#...#.~~#.†.#
##..##~##~.##
#~~~###..~#
##~~.~..~##
#~~~~~.~#
###.~~###


You could see a hell rat.

Vanquished Creatures
  2 gnolls (D:1)
  2 adders
  2 river rats (Sewer)
  A worm (D:2)
  2 dart slugs (D:2)
  3 ball pythons
  2 bats
  4 endoplasms (D:1)
  2 giant cockroaches
  6 goblins
  4 hobgoblins
  3 jackals (D:1)
  2 quokkas
  3 kobolds
  6 rats
44 creatures vanquished.

Notes
Turn   | Place    | Note
-------+----------+-------------------------------------------
     0 | D:1      | mattiecakes the Armataur Berserker began the quest for the
                  | Orb.
     0 | D:1      | Reached XP level 1. HP: 19/19 MP: 1/1
    24 | D:1      | Reached skill level 3 in Fighting
   126 | D:1      | Reached XP level 2. HP: 27/27 MP: 2/2
   380 | D:1      | Reached XP level 3. HP: 32/35 MP: 3/3
   449 | D:1      | Reached skill level 4 in Fighting
   937 | D:2      | Reached ** piety under Trog
  1312 | D:2      | Reached XP level 4. HP: 43/43 MP: 4/4
  1388 | D:2      | You fall into a shaft and drop 2 floors!
  1602 | D:3      | Found Modade's Magic Scroll Boutique.
  1611 | D:3      | Bought a scroll of teleportation for 30 gold pieces
  1619 | D:3      | Found a glowing drain.
  1635 | Sewer    | Entered a sewer
  1763 | Sewer    | Slain by a hell rat

Illustrated notes

Levels and vault maps discovered:
D:1:      dpeg_arrival_brainrot, layout_loops_ring
D:2:      layout_loops_cross, kennysheep_minor_cross, minmay_fountain_box
D:3:      layout_basic, mainiacjoe_overflow_six_doors_small,
          mainiacjoe_overflow_paths, serial_shops, nicolae_diamond_shop,
          portal_sewer_entry_a, nicolae_shop_vocational
D:4:      layout_loops_ring
Sewer:    sewer_hellmonk_bad_rat

Skill      XL: |  1  2  3 |
---------------+----------+-----
Fighting       | 3 4 |  4.9
Axes           | |  2.4
Armour         | |  2.4
Dodging        | |  1.3

Action                     |  1- 3 |  4- 6 || total
---------------------------+-------+-------++-------
  Melee: Hand axe          |    96 |    61 ||   157
         Tailslap          |     9 |     4 ||    13
         Punch             |       |     1 ||     1
 Invoke: Berserk           |     1 |       ||     1
    Use: Scroll            |     3 |       ||     3
   Stab: Sleeping          |       |     1 ||     1
 Armour: Animal skin       |    65 |     2 ||    67
         Chain mail        |       |    25 ||    25
         Skin              |       |     9 ||     9
  Dodge: Dodged            |    47 |    21 ||    68

Table legend: (Time is in decaauts)
 A = Elapsed time spent in this place.
 B = Non-inter-level travel time spent in this place.
 C = Inter-level travel time spent in this place.
 D = Time resting spent in this place.
 E = Time spent auto-exploring this place.
 F = Levels seen in this place.
 G = Mean time per level.
                   A        B        C        D        E       F      G
               +--------+--------+--------+--------+--------+-----+--------+
         Total |   1798 |   1727 |     71 |    202 |   1159 |   5 |  359.6 |
       Dungeon |   1665 |   1594 |     71 |    202 |   1079 |   4 |  416.2 |
         Sewer |    133 |    133 |      0 |      0 |     80 |   1 |  133.0 |
               +--------+--------+--------+--------+--------+-----+--------+

Top non-repeatable levels by time:
     D:1: 918 daAuts
     D:2: 495 daAuts
     D:3: 168 daAuts
   Sewer: 133 daAuts
     D:4: 82 daAuts
